3A
LOUISIANA DRAGOONS @ MANCELONA TORCH
08/16/2032
 
TOP OF THE 1ST
Louisiana Dragoons batting - Pitching for Mancelona Torch : RHP Rhys Maskell
Pitching: RHP Rhys Maskell
Batting: LHB Carlos Barrera 0-0: Ball
1-0: Ball
2-0: Foul Ball, location: 2F
2-1: Ball
3-1: Ground out 6-3 (Groundball, 6M)
Batting: RHB Mike Printup 0-0: Called Strike
0-1: Ball
1-1: Fly out, F9 (Flyball, 9S)
Batting: RHB Krystof Melichar 0-0: Ball
1-0: Foul Ball, location: 2F
1-1: SINGLE (Flyball, 78M)
Batting: RHB Pat Lloyd 0-0: Ball
1-0: Ball
2-0: Fly out, F9 (Flyball, 89M)
Top of the 1st over - 0 runs, 1 hit, 0 errors, 1 left on base; Louisiana 0 - Mancelona 0
BOTTOM OF THE 1ST
Mancelona Torch batting - Pitching for Louisiana Dragoons : RHP Ricardo Ferreira
Pitching: RHP Ricardo Ferreira
Batting: SHB Ángel Pérez 0-0: Ball
1-0: Ball
2-0: Ball
3-0: Foul Ball, location: 2F
3-1: DOUBLE (Line Drive, 9LS)
Batting: RHB Dave Norton 0-0: Ball
1-0: Called Strike
1-1: Ball
2-1: Foul Ball, location: 2F
2-2: Ball
3-2: Ground out 6-3 (Groundball, 56)
Batting: LHB Badry Maksimenov 0-0: Called Strike
0-1: Ball
1-1: Swinging Strike
1-2: Strikes out looking
Batting: LHB Xuan-ling Chen 0-0: Called Strike
0-1: Swinging Strike
0-2: Foul Ball, location: 2F
0-2: Ball
1-2: Ball
2-2: Foul Ball, location: 2F
2-2: SINGLE (Flyball, 89S)
Ángel Pérez to third
Runner from 3rd tries for Home, SAFE, no throw
Batting: SHB Henrique de Senna Fernandes 0-0: Ball
1-0: Ball
2-0: Foul Ball, location: 2F
2-1: Ball
3-1: Fielders Choice at 2nd, 5-4 (Groundball, 5)
Bottom of the 1st over - 1 run, 2 hits, 0 errors, 1 left on base; Louisiana 0 - Mancelona 1
TOP OF THE 2ND
Louisiana Dragoons batting - Pitching for Mancelona Torch : RHP Rhys Maskell
Batting: LHB Ken Gill 0-0: Foul Ball, location: 2F
0-1: Ball
1-1: Called Strike
1-2: Ball
2-2: Foul Ball, location: 2F
2-2: Foul Ball, location: 2F
2-2: Fly out, F4 (Line Drive, 4MD)
Batting: SHB Francisco Enríquez 0-0: Ball
1-0: Foul Ball, location: 2F
1-1: Ball
2-1: Ball
3-1: Base on Balls
Batting: RHB Min-gook Ch'oe 0-0: Grounds into double play, 6-4-3 (Groundball, 6)
Top of the 2nd over - 0 runs, 0 hits, 0 errors, 0 left on base; Louisiana 0 - Mancelona 1
BOTTOM OF THE 2ND
Mancelona Torch batting - Pitching for Louisiana Dragoons : RHP Ricardo Ferreira
Batting: RHB Jur Prokop 0-0: Swinging Strike
0-1: SINGLE (Line Drive, 78M)
Batting: RHB Bryan Uchacz 0-0: Called Strike
Jur Prokop steals 2nd base
0-1: SINGLE (Groundball, 56D)
Jur Prokop to third
Batting: LHB Marcus Shill 0-0: Ball
1-0: SINGLE (Line Drive, 8RS)
Jur Prokop scores
Bryan Uchacz to second
Runner from 2nd tries for 3rd, SAFE after rundown.
Batting: RHB Vilhelm Loyen 0-0: Ball
1-0: Called Strike
1-1: Swinging Strike
1-2: DOUBLE (Line Drive, 7LM)
Bryan Uchacz scores
Marcus Shill to third
Batting: SHB Ángel Pérez 0-0: Ball
1-0: Ball
2-0: Ball
3-0: Called Strike
3-1: Fly out, F8 (Flyball, 8RS)
Runner from 3rd tags up, OUT at HOME
Vilhelm Loyen to third
Batting: RHB Dave Norton 0-0: Ball
1-0: Foul Ball, location: 2F
1-1: Called Strike
1-2: Ball
2-2: Fly out, F7 (Flyball, 7LSF)
Bottom of the 2nd over - 2 runs, 4 hits, 0 errors, 1 left on base; Louisiana 0 - Mancelona 3
TOP OF THE 3RD
Louisiana Dragoons batting - Pitching for Mancelona Torch : RHP Rhys Maskell
Batting: LHB Bill Gracián 0-0: Called Strike
0-1: SINGLE (Groundball, 56D)
Batting: RHB Wallace Belyeu 0-0: Ball
1-0: Fielders Choice at 2nd, 5-4 (Groundball, 5)
Batting: LHB Carlos Barrera 0-0: Ball
1-0: Called Strike
1-1: Fly out, F7 (Flyball, 7LS)
Batting: RHB Mike Printup 0-0: Ball
1-0: Foul Ball, location: 2F
1-1: Fielders Choice at 2nd, 5-4 (Groundball, 5)
Top of the 3rd over - 0 runs, 1 hit, 0 errors, 1 left on base; Louisiana 0 - Mancelona 3
BOTTOM OF THE 3RD
Mancelona Torch batting - Pitching for Louisiana Dragoons : RHP Ricardo Ferreira
Batting: LHB Badry Maksimenov 0-0: Called Strike
0-1: Ball
1-1: Foul Ball, location: 2F
1-2: Ball
2-2: Ball
3-2: Ground out 1-3 (Groundball, 15S)
Batting: LHB Xuan-ling Chen 0-0: Called Strike
0-1: Ball
1-1: Foul Ball, location: 2F
1-2: Ball
2-2: Ball
3-2: DOUBLE (Line Drive, 89D)
Batting: SHB Henrique de Senna Fernandes 0-0: Ball
1-0: Called Strike
1-1: Ground out 1-3 (Groundball, 13)
Xuan-ling Chen to third
Batting: RHB Jur Prokop 0-0: Called Strike
0-1: Ball
1-1: Hit by Pitch
Batting: RHB Bryan Uchacz 0-0: Called Strike
0-1: Foul Ball, location: 2F
0-2: Hit by Pitch
Jur Prokop to second
Batting: LHB Marcus Shill 0-0: Ball
1-0: Fly out, F5 (Popup, 25F)
Bottom of the 3rd over - 0 runs, 1 hit, 0 errors, 3 left on base; Louisiana 0 - Mancelona 3
TOP OF THE 4TH
Louisiana Dragoons batting - Pitching for Mancelona Torch : RHP Rhys Maskell
Batting: RHB Krystof Melichar 0-0: Swinging Strike
0-1: Fly out, F7 (Flyball, 7)
Batting: RHB Pat Lloyd 0-0: Called Strike
0-1: Ball
1-1: Ball
2-1: Ground out 4-3 (Groundball, 4)
Batting: LHB Ken Gill 0-0: Ground out 3-1 (Groundball, 34S)
Top of the 4th over - 0 runs, 0 hits, 0 errors, 0 left on base; Louisiana 0 - Mancelona 3
BOTTOM OF THE 4TH
Mancelona Torch batting - Pitching for Louisiana Dragoons : RHP Ricardo Ferreira
Batting: RHB Vilhelm Loyen 0-0: Ball
1-0: Swinging Strike
1-1: Ground out 5-3 (Groundball, 56)
Batting: SHB Ángel Pérez 0-0: Foul Ball, location: 2F
0-1: Ball
1-1: Swinging Strike
1-2: Strikes out swinging
Batting: RHB Dave Norton 0-0: Ball
1-0: SOLO HOME RUN (Line Drive, 7LD), Distance : 361 ft
Batting: LHB Badry Maksimenov 0-0: Swinging Strike
0-1: Ball
1-1: Called Strike
1-2: Ball
2-2: Foul Ball, location: 2F
2-2: Foul Ball, location: 2F
2-2: Foul Ball, location: 2F
2-2: Foul Ball, location: 2F
2-2: DOUBLE (Groundball, 3L)
Batting: LHB Xuan-ling Chen 0-0: Ball
1-0: Ball
2-0: Called Strike
2-1: Foul Ball, location: 2F
2-2: Ground out 4-3 (Groundball, 4M)
Bottom of the 4th over - 1 run, 2 hits, 0 errors, 1 left on base; Louisiana 0 - Mancelona 4
TOP OF THE 5TH
Louisiana Dragoons batting - Pitching for Mancelona Torch : RHP Rhys Maskell
Batting: SHB Francisco Enríquez 0-0: Ball
1-0: Swinging Strike
1-1: Ground out 6-3 (Groundball, 6S)
Batting: RHB Min-gook Ch'oe 0-0: Called Strike
0-1: DOUBLE (Line Drive, 7LM)
Batting: LHB Bill Gracián 0-0: Called Strike
0-1: Fly out, F8 (Flyball, 8LD)
Batting: RHB Wallace Belyeu 0-0: Ball
1-0: Ball
2-0: Ball
3-0: Base on Balls
Batting: LHB Carlos Barrera 0-0: Ball
1-0: Swinging Strike
1-1: Ball
2-1: Ball
Wild Pitch!
Min-gook Ch'oe to third
Wallace Belyeu to second
3-1: Foul Ball, location: 2F
3-2: Strikes out swinging
Top of the 5th over - 0 runs, 1 hit, 0 errors, 2 left on base; Louisiana 0 - Mancelona 4
BOTTOM OF THE 5TH
Mancelona Torch batting - Pitching for Louisiana Dragoons : RHP Ricardo Ferreira
Pitching: RHP Ed Kreuze
Batting: SHB Henrique de Senna Fernandes 0-0: Ball
1-0: Ball
2-0: Swinging Strike
2-1: Foul Ball, location: 2F
2-2: Strikes out swinging
Batting: RHB Jur Prokop 0-0: Swinging Strike
0-1: Ball
1-1: Foul Ball, location: 2F
1-2: Ball
2-2: TRIPLE (Flyball, 8RXD)
Batting: RHB Bryan Uchacz 0-0: Called Strike
0-1: Ball
1-1: Foul Ball, location: 2F
1-2: Ground out 3-1 (Groundball, 34)
Batting: LHB Marcus Shill 0-0: Swinging Strike
0-1: Called Strike
0-2: Ball
1-2: Strikes out swinging
Bottom of the 5th over - 0 runs, 1 hit, 0 errors, 1 left on base; Louisiana 0 - Mancelona 4
TOP OF THE 6TH
Louisiana Dragoons batting - Pitching for Mancelona Torch : RHP Rhys Maskell
Batting: RHB Mike Printup 0-0: Called Strike
0-1: Ground out 5-3 (Groundball, 56)
Batting: RHB Krystof Melichar 0-0: Fly out, F9 (Flyball, 9S)
Batting: RHB Pat Lloyd 0-0: Ball
1-0: Ground out 6-3 (Groundball, 6)
Top of the 6th over - 0 runs, 0 hits, 0 errors, 0 left on base; Louisiana 0 - Mancelona 4
BOTTOM OF THE 6TH
Mancelona Torch batting - Pitching for Louisiana Dragoons : RHP Ed Kreuze
Batting: RHB Vilhelm Loyen 0-0: Ball
1-0: SINGLE (Groundball, 6MS) (infield hit)
Batting: SHB Ángel Pérez 0-0: Sac Bunt - play at first, batter OUT! 2-3
Vilhelm Loyen to second
Batting: RHB Dave Norton 0-0: Ball
1-0: Called Strike
1-1: Fly out, F7 (Line Drive, 7)
Batting: LHB Badry Maksimenov 0-0: Ball
1-0: Ball
2-0: Ball
3-0: Called Strike
3-1: Foul Ball, location: 2F
3-2: Base on Balls
Batting: LHB Xuan-ling Chen 0-0: Called Strike
0-1: Ball
1-1: Ball
2-1: Foul Ball, location: 2F
2-2: Ground out 5-3 (Groundball, 56S)
Bottom of the 6th over - 0 runs, 1 hit, 0 errors, 2 left on base; Louisiana 0 - Mancelona 4
TOP OF THE 7TH
Louisiana Dragoons batting - Pitching for Mancelona Torch : RHP Rhys Maskell
Batting: LHB Ken Gill 0-0: Ground out 1-3 (Groundball, 13)
Batting: SHB Francisco Enríquez 0-0: Ground out 1-3 (Groundball, 13S)
Batting: RHB Min-gook Ch'oe 0-0: Called Strike
0-1: Ground out 6-3 (Groundball, 6)
Top of the 7th over - 0 runs, 0 hits, 0 errors, 0 left on base; Louisiana 0 - Mancelona 4
BOTTOM OF THE 7TH
Mancelona Torch batting - Pitching for Louisiana Dragoons : RHP Ed Kreuze
Batting: SHB Henrique de Senna Fernandes 0-0: SINGLE (Groundball, 34D)
Batting: RHB Jur Prokop 0-0: Ball
Henrique de Senna Fernandes steals 2nd base
1-0: Swinging Strike
1-1: Foul Ball, location: 2F
1-2: Strikes out swinging
Batting: RHB Bryan Uchacz 0-0: Ball
1-0: Foul Ball, location: 2F
1-1: Ball
2-1: Foul Ball, location: 2F
2-2: Foul Ball, location: 2F
2-2: Foul Ball, location: 2F
2-2: Foul Ball, location: 2F
2-2: Ball
3-2: Base on Balls
Batting: LHB Marcus Shill 0-0: Ball
1-0: Foul Ball, location: 2F
1-1: Grounds out, U3 (Groundball, 3L)
Henrique de Senna Fernandes to third
Batting: RHB Vilhelm Loyen 0-0: Fly out, F7 (Flyball, 78D)
Bottom of the 7th over - 0 runs, 1 hit, 0 errors, 2 left on base; Louisiana 0 - Mancelona 4
TOP OF THE 8TH
Louisiana Dragoons batting - Pitching for Mancelona Torch : RHP Rhys Maskell
Batting: LHB Bill Gracián 0-0: DOUBLE (Line Drive, 7LM)
Batting: RHB Wallace Belyeu 0-0: Fly out, F9 (Flyball, 9S)
Batting: LHB Carlos Barrera 0-0: Called Strike
0-1: Ball
1-1: Ball
2-1: Called Strike
2-2: Fly out, F9 (Line Drive, 9D)
Runner from 2nd tags up, SAFE at 3rd, no throw
Batting: RHB Mike Printup 0-0: Called Strike
0-1: Ball
1-1: SINGLE (Groundball, 25) (infield hit)
Bill Gracián scores
Batting: RHB Krystof Melichar 0-0: Ball
1-0: Ball
2-0: Ground out 5-3 (Groundball, 56S)
Top of the 8th over - 1 run, 2 hits, 0 errors, 1 left on base; Louisiana 1 - Mancelona 4
BOTTOM OF THE 8TH
Mancelona Torch batting - Pitching for Louisiana Dragoons : RHP Ed Kreuze
Batting: SHB Ángel Pérez 0-0: Ball
1-0: Ball
2-0: Ball
3-0: Base on Balls
Batting: RHB Dave Norton 0-0: Fly out, F1 (Line Drive, 13)
Batting: LHB Badry Maksimenov 0-0: Reached on error, E1 (Groundball, 15)
Ángel Pérez to second
Batting: LHB Xuan-ling Chen 0-0: Foul Ball, location: 2F
0-1: 3-RUN HOME RUN (Flyball, 7LD), Distance : 362 ft
Batting: SHB Henrique de Senna Fernandes 0-0: Called Strike
0-1: Ball
1-1: Foul Ball, location: 2F
1-2: Ball
2-2: Fly out, F7 (Flyball, 7)
Batting: RHB Jur Prokop 0-0: Called Strike
0-1: Foul Ball, location: 2F
0-2: Ball
1-2: DOUBLE (Flyball, 89D)
Batting: RHB Bryan Uchacz 0-0: Foul Ball, location: 2F
0-1: DOUBLE (Line Drive, 7LD)
Jur Prokop scores
Pitching: RHP Greg Kennamer
Batting: LHB Marcus Shill 0-0: Foul Ball, location: 2F
0-1: Foul Ball, location: 2F
0-2: Ball
1-2: Strikes out looking
Bottom of the 8th over - 4 runs, 3 hits, 1 error, 1 left on base; Louisiana 1 - Mancelona 8
TOP OF THE 9TH
Louisiana Dragoons batting - Pitching for Mancelona Torch : RHP Rhys Maskell
Batting: RHB Pat Lloyd 0-0: Called Strike
0-1: Fly out, F8 (Line Drive, 8LD)
Batting: LHB Ken Gill 0-0: Called Strike
0-1: Swinging Strike
0-2: Foul Ball, location: 2F
0-2: Ball
1-2: Ground out 6-3 (Groundball, 6)
Batting: SHB Francisco Enríquez 0-0: Called Strike
0-1: Foul Ball, location: 2F
0-2: Foul Ball, location: 2F
0-2: Ball
1-2: Ball
2-2: Foul Ball, location: 2F
2-2: Ball
3-2: SINGLE (Line Drive, 34)
Batting: RHB Min-gook Ch'oe 0-0: Called Strike
0-1: Ball
1-1: Swinging Strike
1-2: Ball
2-2: Strikes out looking
Top of the 9th over - 0 runs, 1 hit, 0 errors, 1 left on base; Louisiana 1 - Mancelona 8
Wednesday, September 19th, 2018 - OOTP Baseball 18.8 Build 76